 Dungeon Crawl Stone Soup version 0.21.0 (webtiles) character file.

115102 inmateoo the Brawler (level 16, -5/139 HPs)
             Began as a Pale Draconian Transmuter on Jan 8, 2018.
             Was the Champion of Cheibriados.
             Slain by Asterion
             ... wielding a +2 demon trident of venom
              (15 damage)
             ... on level 2 of the Spider Nest.
             The game lasted 01:10:39 (28487 turns).

inmateoo the Brawler (Pale Draconian Transmuter)   Turns: 28487, Time: 01:10:40

Health: -5/139     AC: 15    Str: 28    XL:     16   Next: 17%
Magic:  0/29       EV: 23    Int: 35    God:    Cheibriados [******]
Gold:   2710       SH:  0    Dex: 27    Spells: 14/33 levels left

rFire    + + +     SeeInvis .     - Unarmed
rCold    + . .     Gourm    .   (shield currently unavailable)
rNeg     + . .     Faith    .   (armour unavailable)
rPois    +         Spirit   +   O - +0 hat {MR+}
rElec    .         Reflect  .   P - +2 cloak {rPois}
rCorr    +         Harm     .   (gloves currently unavailable)
MR       ++...                  T - +2 pair of boots "Ufyps" {rF++ rCorr Str-3 Int+2}
Stlth    +++.......             E - amulet of guardian spirit
HPRegen  0.33/turn              l - ring of protection from cold
MPRegen  0.21/turn              R - ring of Ywnoqil {rPois rF+ rN+ Int+4 Dex-3}

@: lethally poisoned (-5 -> -57), blade hands, very slow
A: breathe steam, unfitting armour, cold-blooded, AC +9
a: Breathe Steam, End Transformation, Bend Time, Temporal Distortion, Slouch,
Step From Time, Renounce Religion


You were on level 2 of the Spider Nest.
You worshipped Cheibriados.
Cheibriados was exalted by your worship.
You were not hungry.
You had blades for hands.
You visited 5 branches of the dungeon, and saw 26 of its levels.
You also visited: Ossuary, Bailey and Ice Cave.

You collected 3401 gold pieces.
You spent 691 gold pieces at shops.

Inventory:

Missiles
 a - 811 arrows
 q - 3 throwing nets (quivered)
Armour
 B - a +0 buckler of positive energy (melded)
 H - a +2 pair of gloves of strength (melded)
 O - a +0 hat of magic resistance (worn)
 P - a +2 cloak of poison resistance (worn)
 T - the +2 pair of boots "Ufyps" (worn) {rF++ rCorr Str-3 Int+2}
   (You found it in an ice cave)

   It affects your strength (-3).
   It affects your intelligence (+2).
   It greatly protects you from fire.
   It protects you from acid and corrosion.
Jewellery
 l - a ring of protection from cold (left scythe-like blade)
 u - a +5 ring of intelligence
 w - an uncursed ring of protection from magic
 x - an uncursed ring of flight
 E - an amulet of guardian spirit (around neck)
 N - an uncursed ring of positive energy
 Q - an uncursed ring of protection from cold
 R - the ring of Ywnoqil (right scythe-like blade) {rPois rF+ rN+ Int+4 Dex-3}
   (You found it on level 6 of the Lair of Beasts)

   [ring of protection from fire]

   It affects your intelligence (+4).
   It affects your dexterity (-3).
   It protects you from fire.
   It protects you from poison.
   It protects you from negative energy.
 U - a +3 amulet of reflection {unknown}
Wands
 e - a wand of scattershot (6)
 k - a wand of polymorph (29)
 D - a wand of disintegration (21)
 I - a wand of flame (17)
 J - a wand of iceblast (28)
Scrolls
 p - 12 scrolls of teleportation
 r - 14 scrolls of remove curse
 s - 3 scrolls of fear
 v - 3 scrolls of enchant weapon
 y - 4 scrolls of amnesia
 A - 2 scrolls of fog
 F - 2 scrolls of blinking
 G - 9 scrolls of identify
 M - 4 scrolls of magic mapping
Potions
 b - 2 potions of mutation
 d - 2 potions of lignification
 f - 16 potions of curing
 g - 5 potions of agility
 h - 3 potions of flight
 i - 2 potions of resistance
 j - 8 potions of might
 n - a potion of ambrosia
 o - 7 potions of brilliance
 t - a potion of cancellation
 z - 3 potions of invisibility
 C - 6 potions of heal wounds
Books
 m - a book of Enchantments

   Spells                             Type                      Level
   a - Cause Fear                     Hexes                        4
   b - Yara's Violent Unravelling     Hexes/Transmutation          5
   c - Silence                        Hexes/Air                    5
   d - Deflect Missiles               Charms/Air                   6
   e - Discord                        Hexes                        8
Miscellaneous
 K - a box of beasts
 L - a lamp of fire
 S - a lightning rod (4/4)
Comestibles
 c - 36 rations


   Skills:
 - Level 12.0 Fighting
 - Level 10.0 Dodging
 - Level 4.0 Stealth
 - Level 4.0 Shields
 * Level 17.1 Unarmed Combat
 - Level 9.0 Spellcasting
 - Level 2.0 Translocations
 + Level 9.8 Transmutations
 - Level 10.0 Invocations
 + Level 7.2 Evocations


You had 14 spell levels left.
You knew the following spells:

 Your Spells              Type           Power        Failure   Level  Hunger
a - Beastly Appendage     Tmut           ######       5%          1    None
b - Sticks to Snakes      Tmut           ######..     6%          2    None
c - Apportation           Tloc           ####..       17%         1    None
d - Spider Form           Tmut/Pois      ######....   16%         3    None
e - Blade Hands           Tmut           ######....   17%         5    ###....
f - Dragon Form           Tmut           ######....   80%         7    ######.


Dungeon Overview and Level Annotations

Branches:
Dungeon (15/15)            Temple (1/1) D:5            Lair (6/6) D:10
 Shoals (0/4) Lair:3       Spider (2/4) Lair:3          Orc (2/2) D:12
    Elf (0/3) Orc:2        Vaults (0/5) D:14         Depths (0/5) D:15
  Slime: Lair:5-6

Altars:
Ashenzari
Cheibriados
Elyvilon
Fedhas
Hepliaklqana
Makhleb
Nemelex Xobeh
Okawaru
Qazlal
Ru
Sif Muna
Trog
Uskayaw
Vehumet
Xom
The Shining One

Shops:
Orc:2 *[=(

Annotations:
D:11 1 runed door, exclusion: oklob plant
Lair:6 exclusion: 2 oklob plants
Spider:2 Asterion


Innate Abilities, Weirdness & Mutations

You can breathe blasts of scalding, opaque steam.
Your pale cyan-grey scales are hard. (AC +9)
You cannot fit into any form of body armour.
You are cold-blooded and may be slowed by cold attacks.


Message History

Unknown command.
You shred the tarantella!!!
You kill the tarantella!
Cheibriados thoroughly appreciates the change of pace.
You feel sick.
Asterion hits you with a demon trident of venom!!
* * * LOW HITPOINT WARNING * * *
You are more poisoned.
Asterion completely misses you. Asterion blocks your adder's attack.
Your adder bites Asterion but does no damage.
Unknown command.
You shred Asterion!!!
You tail-slap Asterion, but do no damage.
Asterion is moderately wounded.
You feel sick.
Asterion hits you with a demon trident of venom!!
* * * LOW HITPOINT WARNING * * *
You are more poisoned.
Asterion gores you!
You die...

###....##
#.....#
##..#.##
#......#
##...###
#...#
##..###
#.....#
##@S.##
#^HS.#
#.....#
#...##...
..#..
.#?.
##...#
#....#
#..#
.#... ...
.. ..


You could see Asterion and 2 friendly adders.

Vanquished Creatures
  Arachne (Spider:2)
  An orc warlord (Orc:2)
  An entropy weaver (Spider:1)
  A dire elephant (Lair:6)
  2 blizzard demons (IceCv)
  An ettin (Orc:1)
  7 hydras
  6 centaur warriors
  2 rakshasas (D:15)
  A merfolk avatar (Lair:6)
  A death knight (D:14)
  An ogre mage (D:14)
  5 two-headed ogres
  3 tengu warriors
  A queen ant (Lair:2)
  3 death yaks (Lair:5)
  An orc high priest (Orc:2)
  A skeletal warrior (D:14)
  A glowing orange brain (D:15)
  A harpy (Lair:6)
  9 orc knights
  5 orb spiders
  Pikel (D:5)
  12 ugly things
  5 manticores
  An orc sorcerer (Orc:2)
  2 deep elf magi (D:15)
  10 wolf spiders
  A faun (shapeshifter) (D:15)
  2 cyclopes
  An elephant (Lair:6)
  3 oklob plants (Lair:2)
  A merfolk siren (Lair:3)
  4 black mambas
  An ice statue (IceCv)
  15 spiny frogs
  2 gargoyles
  A rime drake (shapeshifter) (D:14)
  An efreet (D:14)
  7 komodo dragons
  5 anaconda simulacra (IceCv)
  5 demonic crawlers
  4 yaktaurs (D:14)
  A freezing wraith (IceCv)
  3 kobold demonologists (D:14)
  10 rime drakes
  4 tengu conjurers
  4 ice devils (IceCv)
  4 jumping spiders
  3 meliai (D:15)
  A meliai (shapeshifter) (D:15)
  3 trolls
  2 hornets (Lair:6)
  5 polar bears (Lair:6)
  A meliai zombie (D:14)
  13 slime creatures
  8 dream sheep
  7 hippogriffs
  A spriggan (shapeshifter) (D:15)
  4 shadows
  10 wyverns
  12 redbacks
  4 dire elephant simulacra (IceCv)
  42 yaks
  10 tarantellas
  3 hungry ghosts (D:14)
  A basilisk (Lair:6)
  Grum (D:7)
  A death yak simulacrum (IceCv)
  4 vampire mosquitoes (D:12)
  2 harpy simulacra (IceCv)
  2 iron troll simulacra (IceCv)
  7 wargs
  A hydra simulacrum (IceCv)
  6 soldier ants (Lair:2)
  Duvessa (D:6)
  18 water moccasins
  Edmund (D:6)
  A meliai simulacrum (D:15)
  2 floating eyes (D:14)
  8 porcupines
  32 orc warriors
  A slave (D:5)
  3 black bears
  An alligator simulacrum (IceCv)
  A necrophage (D:12)
  An ice beast (D:6)
  6 sky beasts
  16 ogres
  An ettin simulacrum (IceCv)
  2 phantoms
  3 boggarts (D:14)
  22 centaurs
  15 wolves
  12 crocodiles
  Blork the orc (D:5)
  6 big kobolds
  11 bullfrogs
  2 gnoll sergeants
  2 scorpions
  Dowan (D:6)
  A swamp dragon simulacrum (IceCv)
  An electric eel (Spider:1)
  6 howler monkeys
  14 crimson imps
  5 centaur zombies
  A bullfrog zombie (D:12)
  A quasit (D:13)
  2 jellies
  4 draconian simulacra (IceCv)
  A human zombie (Ossuary)
  7 hounds
  21 orc wizards
  13 centaur skeletons
  14 orc priests
  4 bullfrog skeletons
  4 iguanas
  2 polar bear simulacra (IceCv)
  35 worker ants
  A killer bee zombie (D:10)
  3 troll simulacra (IceCv)
  2 wolf simulacra (IceCv)
  2 big kobold zombies (Ossuary)
  3 centaur simulacra (IceCv)
  3 mummies
  A worker ant zombie (D:10)
  15 gnolls
  2 ogre simulacra (IceCv)
  9 adders
  2 naga simulacra (IceCv)
  6 shadow imps
  5 white imps (IceCv)
  2 oozes
  4 ufetubi (IceCv)
  An adder zombie (Ossuary)
  3 worms
  5 dart slugs
  7 leopard geckos
  48 orcs
  6 giant cockroaches
  8 goblins
  13 hobgoblins
  7 jackals
  24 kobolds
  4 quokkas
  3 ball pythons
  5 bats
  5 frilled lizards
  5 goblin zombies
  11 hobgoblin zombies (Ossuary)
  5 kobold zombies (Ossuary)
  2 leopard gecko skeletons
  9 orc zombies
  7 rats
  2 rat zombies (Ossuary)
  A butterfly (Lair:2)
  2 fungi (Lair:6)
  18 plants
886 creatures vanquished.

Vanquished Creatures (collateral kills)
  A komodo dragon (Lair:2)
  A soldier ant (Lair:2)
  A kobold (D:2)
3 creatures vanquished.

Vanquished Creatures (others)
  An unseen horror (D:14)
  A centaur zombie (D:14)
  A water elemental (D:14)
  A redback (Spider:1)
  A slave (D:5)
  An orc wizard (D:6)
  2 white imps (IceCv)
  5 ufetubi (IceCv)
  An orc (D:14)
  A kobold (D:14)
  34 fungi
  21 plants
  17 toadstools (D:11)
87 creatures vanquished.

Grand Total: 976 creatures vanquished

Notes
Turn   | Place    | Note
-------+----------+-------------------------------------------
     0 | D:1      | inmateoo the Draconian Transmuter began the quest for the Orb.
     0 | D:1      | Reached XP level 1. HP: 16/16 MP: 3/3
   237 | D:1      | Reached XP level 2. HP: 21/23 MP: 3/5
   441 | D:1      | Learned a level 2 spell: Sticks to Snakes
   707 | D:1      | Reached XP level 3. HP: 27/28 MP: 3/6
  1249 | D:2      | Reached XP level 4. HP: 36/36 MP: 7/7
  1425 | D:2      | Noticed a phantom
  1695 | D:2      | Killed a phantom
  1695 | D:2      | Reached skill level 4 in Unarmed Combat
  1695 | D:2      | Reached XP level 5. HP: 26/41 MP: 7/9
  2028 | D:3      | Found a stormy altar of Qazlal.
  2216 | D:3      | Found a white marble altar of Elyvilon.
  2649 | D:4      | Reached XP level 6. HP: 39/50 MP: 10/10
  2811 | D:4      | Found a hazy altar of Hepliaklqana.
  2853 | D:4      | Found a sand-covered staircase.
  2861 | Ossuary  | Entered an ossuary
  3080 | Ossuary  | Reached skill level 5 in Unarmed Combat
  3337 | Ossuary  | Your scales start taking on a pale cyan-grey colour.
  3337 | Ossuary  | Reached XP level 7. HP: 49/57 MP: 10/12
  3580 | D:4      | Learned a level 1 spell: Apportation
  3584 | D:4      | Learned a level 3 spell: Spider Form
  3768 | D:4      | Reached skill level 6 in Unarmed Combat
  4275 | D:4      | Reached XP level 8. HP: 52/63 MP: 14/14
  4300 | D:5      | Entered Level 5 of the Dungeon
  4315 | D:5      | Found a staircase to the Ecumenical Temple.
  4341 | Temple   | Entered the Ecumenical Temple
  4351 | Temple   | Became a worshipper of Cheibriados the Contemplative
  4484 | D:5      | Noticed Blork the orc
  4488 | D:5      | Killed Blork the orc
  4488 | D:5      | Reached skill level 7 in Unarmed Combat
  4836 | D:5      | Noticed Pikel
  4847 | D:5      | Killed Pikel
  4847 | D:5      | Reached skill level 8 in Unarmed Combat
  4955 | D:5      | Reached skill level 9 in Unarmed Combat
  5310 | D:6      | Reached * piety under Cheibriados
  5324 | D:6      | Reached skill level 1 in Invocations
  5387 | D:6      | Noticed Edmund
  5405 | D:6      | Killed Edmund
  5405 | D:6      | Reached skill level 1 in Translocations
  5462 | D:6      | Reached skill level 1 in Stealth
  5462 | D:6      | Reached XP level 9. HP: 52/70 MP: 15/15
  5794 | D:6      | Noticed Dowan
  5810 | D:6      | Killed Dowan
  5818 | D:6      | Noticed Duvessa
  5832 | D:6      | Killed Duvessa
  5985 | D:6      | Found a shattered altar of Ashenzari.
  6385 | D:6      | Found a white marble altar of Elyvilon.
  6421 | D:6      | Reached ** piety under Cheibriados
  6787 | D:7      | Found a flagged portal.
  6817 | Bailey   | Entered a bailey
  6824 | Bailey   | Noticed an orc knight
  6828 | Bailey   | Noticed an orc knight
  6861 | Bailey   | Reached *** piety under Cheibriados
  6873 | Bailey   | Killed an orc knight
  6873 | Bailey   | Reached skill level 5 in Dodging
  6873 | Bailey   | Reached skill level 10 in Unarmed Combat
  6902 | Bailey   | Reached skill level 5 in Spellcasting
  6966 | Bailey   | Reached XP level 10. HP: 69/80 MP: 17/17
  7065 | Bailey   | Killed an orc knight
  7065 | Bailey   | Reached skill level 5 in Fighting
  7781 | D:8      | Noticed Grum
  7801 | D:7      | Reached **** piety under Cheibriados
  7914 | D:7      | Killed Grum
  8200 | D:8      | Found a sparkling altar of Nemelex Xobeh.
  8267 | D:8      | Noticed a three-headed hydra
  8281 | D:8      | Killed a three-headed hydra
  8285 | D:8      | Reached skill level 11 in Unarmed Combat
  8319 | D:8      | Reached skill level 5 in Invocations
  8599 | D:8      | Reached ***** piety under Cheibriados
  8659 | D:8      | Learned a level 5 spell: Blade Hands
  8893 | D:8      | Found a deep blue altar of Sif Muna.
  8997 | D:8      | Found a hide-covered altar of Uskayaw.
  9340 | D:9      | Noticed a two-headed ogre
  9348 | D:9      | Killed a two-headed ogre
  9348 | D:9      | Reached XP level 11. HP: 48/89 MP: 17/20
 10397 | D:10     | Entered Level 10 of the Dungeon
 10620 | D:10     | Found a staircase to the Lair.
 11289 | D:11     | Found a runed door.
 11844 | D:11     | Found a blossoming altar of Fedhas.
 11871 | D:11     | Noticed an oklob plant
 11981 | D:11     | Reached skill level 12 in Unarmed Combat
 12402 | D:12     | Noticed a green ugly thing
 12414 | D:12     | Killed a green ugly thing
 12533 | D:12     | Noticed a cyan ugly thing
 12549 | D:12     | Killed a cyan ugly thing
 12833 | D:12     | Reached ****** piety under Cheibriados
 12833 | D:12     | Reached XP level 12. HP: 83/102 MP: 17/21
 13052 | D:12     | Found a staircase to the Orcish Mines.
 13156 | D:13     | Reached skill level 13 in Unarmed Combat
 13340 | D:13     | Noticed a centaur warrior
 13354 | D:13     | Killed a centaur warrior
 13354 | D:13     | Reached skill level 1 in Shields
 13372 | D:13     | Reached skill level 5 in Transmutations
 13578 | D:13     | Noticed a seven-headed hydra
 13582 | D:13     | Killed a seven-headed hydra
 13664 | D:14     | Noticed a death knight
 13664 | D:14     | Noticed a centaur warrior
 13754 | D:15     | Entered Level 15 of the Dungeon
 13771 | D:15     | Found a sacrificial altar of Ru.
 13945 | Lair:1   | Entered Level 1 of the Lair of Beasts
 14110 | Lair:1   | Found a radiant altar of Vehumet.
 15110 | Lair:2   | Noticed an eight-headed hydra
 15132 | Lair:2   | Killed an eight-headed hydra
 15356 | Lair:2   | Reached XP level 13. HP: 69/111 MP: 13/23
 15656 | Lair:2   | Reached skill level 14 in Unarmed Combat
 17213 | Lair:3   | Found a staircase to the Shoals.
 17230 | Lair:3   | Found a hole to the Spider Nest.
 17400 | Lair:3   | Reached skill level 10 in Fighting
 17838 | Lair:3   | You fall through a shaft for 3 floors!
 17838 | Lair:6   | Entered Level 6 of the Lair of Beasts
 18096 | Lair:5   | Reached skill level 15 in Unarmed Combat
 18371 | Lair:5   | Reached skill level 1 in Evocations
 18692 | Lair:5   | Reached XP level 14. HP: 108/121 MP: 20/24
 19083 | Lair:4   | Noticed Sonja
 19084 | Lair:4   | Noticed Sonja
 19084 | Lair:4   | Sonja changed into Sonja the warg
 19092 | Lair:4   | Killed Sonja the warg
 20828 | Lair:6   | Identified The Last Secrets of Witchery
 20838 | Lair:6   | Learned a level 7 spell: Dragon Form
 20855 | Lair:6   | Got a transparent iron ring
 21244 | Orc:1    | Entered Level 1 of the Orcish Mines
 21641 | Orc:2    | Entered Level 2 of the Orcish Mines
 21671 | Orc:2    | Found Ykoec's Antique Armour Emporium.
 21705 | Orc:2    | Noticed an orc warlord
 21853 | Orc:2    | Identified the ring of Ywnoqil {rPois rF+ rN+ Int+4 Dex-3} (You found it on level 6 of the Lair of Beasts)
 22119 | Orc:2    | Found Ruadeok's General Store.
 22312 | Orc:2    | Found Igequll's Jewellery Shoppe.
 22327 | Orc:2    | Killed an orc warlord
 22409 | Orc:2    | Bought a glowing buckler for 195 gold pieces
 22409 | Orc:2    | Bought a glowing cloak for 195 gold pieces
 22548 | Orc:2    | Found a staircase to the Elven Halls.
 22565 | Orc:2    | Found Naifya's Antique Weapon Shoppe.
 22720 | Orc:2    | Bought a +2 pair of gloves of strength for 301 gold pieces
 22965 | D:14     | Reached skill level 16 in Unarmed Combat
 23382 | D:14     | Reached XP level 15. HP: 91/129 MP: 14/27
 23404 | D:14     | Reached skill level 5 in Evocations
 23805 | D:14     | Found a gate to the Vaults.
 24267 | D:14     | Paralysed by a floating eye for 2 turns
 24923 | D:15     | Found a staircase to the Depths.
 25686 | Spider:1 | Entered Level 1 of the Spider Nest
 25687 | Spider:1 | Identified a scroll of acquirement
 25751 | Spider:1 | Found a frozen archway.
 25782 | IceCv    | Entered an ice cave
 27623 | IceCv    | Got a pair of smoking boots
 27634 | IceCv    | Identified the +2 pair of boots "Ufyps" {rF++ rCorr Str-3 Int+2} (You found it in an ice cave)
 27851 | Spider:1 | Reached XP level 16. HP: 139/139 MP: 29/29
 28129 | Spider:2 | Reached skill level 17 in Unarmed Combat
 28154 | Spider:2 | Reached skill level 10 in Invocations
 28431 | Spider:2 | Reached skill level 10 in Dodging
 28452 | Spider:2 | Noticed Arachne
 28466 | Spider:2 | Noticed Asterion
 28478 | Spider:2 | Killed Arachne
 28487 | Spider:2 | Slain by Asterion

Skill      XL: |  1  2  3  4  5  6  7  8  9 10 11 12 13 14 15 16 |
---------------+-------------------------------------------------+-----
Dodging        | 2 3 4 5 6 7 8 9 10 | 10.0
Fighting       | 2 3 4 6 8 9 10 11 12 | 12.0
Unarmed Combat | 4 5 6 9 10 11 12 13 15 16 17 | 17.1
Transmutations | 3 4 6 8 9 |  9.8
Spellcasting   | 3 4 5 6 7 8 9 |  9.0
Invocations    | 1 3 5 6 7 8 9 10 | 10.0
Translocations | 1 2 |  2.0
Stealth        | 1 3 4 |  4.0
Shields        | 3 4 |  4.0
Evocations     | 2 4 6 7 |  7.2

Action                   |  1- 3 |  4- 6 |  7- 9 | 10-12 | 13-15 | 16-18 || total
-------------------------+-------+-------+-------+-------+-------+-------++-------
Melee: Unarmed           |   143 |   334 |   315 |   581 |  1123 |    69 ||  2565
       Tailslap          |    13 |    46 |    58 |   159 |   303 |    17 ||   596
       Headbutt          |     7 |    24 |    28 |   111 |    79 |     5 ||   254
       Kick              |     3 |       |       |       |       |       ||     3
       Punch             |     2 |     4 |     8 |    61 |    38 |       ||   113
Throw: Throwing net      |       |       |       |       |       |     1 ||     1
 Cast: Beastly Appendage |    19 |    16 |    22 |    35 |    34 |     3 ||   129
       Sticks to Snakes  |       |     4 |     2 |     6 |     5 |     4 ||    21
       Spider Form       |       |       |     1 |       |       |       ||     1
       Blade Hands       |       |       |       |     2 |    21 |     1 ||    24
Invok: Slouch            |       |       |       |       |     8 |       ||     8
       Temporal Distorti |       |       |       |       |     3 |       ||     3
 Abil: Breathe Steam     |       |       |    33 |    32 |    40 |     2 ||   107
       Evoke Flight      |       |       |     2 |     3 |       |       ||     5
       Stop Flying       |       |       |     1 |     2 |       |       ||     3
       End Transformatio |       |       |       |     1 |       |       ||     1
Evoke: Wand              |       |       |       |       |    10 |    12 ||    22
  Use: Scroll            |     9 |     4 |    11 |     8 |     9 |       ||    41
       Potion            |       |       |       |     4 |     5 |     2 ||    11
 Stab: Sleeping          |       |     1 |       |    13 |    14 |       ||    28
       Distracted        |       |       |     1 |     2 |    10 |     1 ||    14
  Eat: Chunk             |     2 |     5 |     7 |    12 |    14 |     1 ||    41
       Ration            |       |     1 |     2 |     2 |     6 |       ||    11
Armor: Skin              |    37 |   100 |    75 |   134 |   222 |    31 ||   599
Dodge: Dodged            |    90 |   205 |   240 |   474 |   813 |    91 ||  1913
Block: Buckler           |       |       |       |       |   292 |    25 ||   317
